[Event "ICC tourney 2715 (40 10)"]
[Site "Internet Chess Club"]
[Date "2021.10.23"]
[Round "3"]
[White "GILLMAN, JONES:JonesGill"]
[Black "SULTAN, BASHIR Cisse:muzikmixer"]
[Result "1-0"]
[ICCResult "Black resigns"]
[WhiteElo "1427"]
[BlackElo "1561"]
[Opening "Pirc: Ufimtsev-Pytel variation"]
[ECO "B07"]
[NIC "PU.08"]
[Time "15:30:26"]
[PlyCount "59"]
[TimeControl "2400+10"]

1. e4 d6 2. d4 Nf6 3. Nc3 c6 4. Nf3 Bg4 5. h3 Bh5 6. Be2 e6 7. Bg5 Be7 8.
O-O O-O 9. Qd2 Bxf3 10. Bxf3 d5 11. Bxf6 Bxf6 12. e5 Be7 13. g4 c5 14. Ne2
Nc6 15. c3 b5 16. Bg2 Qb6 17. Kh1 cxd4 18. cxd4 Na5 19. b3 Ba3 20. f4 Nc6
21. f5 Qa5 22. Qe3 Qb4 23. f6 h6 24. fxg7 Kxg7 25. Rf6 Rh8 26. Raf1 Raf8 27.
Qf4 Qe7 28. Ng3 Bb2 29. Nh5+ Kg8 30. Rxh6 {Black resigns} 1-0

[Event "ICC tourney 2715 (40 10)"]
[Site "Internet Chess Club"]
[Date "2021.10.23"]
[Round "3"]
[White "GUO, ELLA:SunnyCountry"]
[Black "SCHWARCZ, MARK LEO:mikelawn"]
[Result "0-1"]
[ICCResult "White checkmated"]
[WhiteElo "1195"]
[BlackElo "1531"]
[Opening "French: advance variation"]
[ECO "C02"]
[NIC "FR.03"]
[Time "15:31:07"]
[PlyCount "36"]
[TimeControl "2400+10"]

1. e4 e6 2. d4 d5 3. e5 c5 4. c3 Qb6 5. Nf3 Nc6 6. a3 a5 7. Be2 Bd7 8. O-O
Nh6 9. dxc5 Bxc5 10. h3 Qc7 11. Bxh6 gxh6 12. Qd2 Nxe5 13. Qxh6 Nxf3+ 14.
Bxf3 Qe5 15. Qd2 Rg8 16. Re1 Qg3 17. Kf1 Bb5+ 18. Re2 Qxf2# {White
checkmated} 0-1

[Event "ICC tourney 2715 (40 10)"]
[Site "Internet Chess Club"]
[Date "2021.10.23"]
[Round "3"]
[White "TANG, VINCENT:VincentT2008"]
[Black "Zilbermintz, Lev:chessrex"]
[Result "1-0"]
[ICCResult "Black resigns"]
[WhiteElo "1614"]
[BlackElo "1734"]
[Opening "Queen's pawn: Charlick (Englund) gambit"]
[ECO "A40"]
[NIC "QO.17"]
[Time "15:30:22"]
[PlyCount "75"]
[TimeControl "2400+10"]

1. d4 e5 2. dxe5 Nc6 3. Nf3 Nge7 4. Nc3 h6 5. g3 g5 6. Bg2 Bg7 7. O-O Ng6 8.
e4 Ncxe5 9. Nd4 d6 10. Re1 O-O 11. Nf5 Nc6 12. Nxg7 Kxg7 13. Be3 Be6 14. f4
f5 15. Qd2 Qf6 16. exf5 Bxf5 17. Bxc6 bxc6 18. Bd4 Ne5 19. fxe5 Qg6 20.
exd6+ Kh7 21. Re7+ Rf7 22. Rae1 Rf8 23. Rxf7+ Rxf7 24. Re8 Qxd6 25. Rh8+ Kg6
26. Kg2 Qd7 27. h4 Qe7 28. hxg5 hxg5 29. Rg8+ Kh7 30. Rxg5 Be4+ 31. Nxe4
Qxe4+ 32. Kh2 Qf3 33. Qd3+ Qxd3 34. cxd3 Rf3 35. Rg7+ Kh6 36. Rxc7 Rxd3 37.
Rxc6+ Kh7 38. Bc3 {Black resigns} 1-0

[Event "ICC tourney 2715 (40 10)"]
[Site "Internet Chess Club"]
[Date "2021.10.23"]
[Round "3"]
[White "CAI, ALAN ZHUOCHENG:flying-ninja"]
[Black "madabushi, raghavan:jayrag"]
[Result "0-1"]
[ICCResult "White resigns"]
[WhiteElo "1379"]
[BlackElo "1599"]
[Opening "Petrov's defense"]
[ECO "C42"]
[NIC "RG.03"]
[Time "15:30:37"]
[PlyCount "50"]
[TimeControl "2400+10"]

1. e4 e5 2. Nf3 Nf6 3. Nxe5 Nc6 4. Nf3 Nxe4 5. Nc3 Nf6 6. Be2 Be7 7. O-O O-O
8. d4 d5 9. Bd3 Bg4 10. Be3 Qd7 11. h3 Bh5 12. a3 Rfe8 13. Re1 h6 14. g4
Nxg4 15. hxg4 Qxg4+ 16. Kh2 Bd6+ 17. Kh1 Qh3+ 18. Kg1 Bxf3 19. Qxf3 Qxf3 20.
Bf1 Re6 21. Bg2 Rg6 22. Kf1 Rxg2 23. Re2 Rh2 24. Ke1 Rh1+ 25. Kd2 Rxa1
{White resigns}
0-1

[Event "ICC tourney 2715 (40 10)"]
[Site "Internet Chess Club"]
[Date "2021.10.23"]
[Round "3"]
[White "CAO, RAY:rcww2020"]
[Black "CHAN, ETHAN:ChessyEthan"]
[Result "0-1"]
[ICCResult "White resigns"]
[WhiteElo "1620"]
[BlackElo "1382"]
[Opening "Vienna game"]
[ECO "C28"]
[NIC "VG.02"]
[Time "15:30:30"]
[PlyCount "94"]
[TimeControl "2400+10"]

1. e4 e5 2. Bc4 Nf6 3. Nc3 Nc6 4. d3 Bc5 5. h3 d6 6. Nge2 a6 7. a3 h6 8. f4
Qe7 9. f5 Nd4 10. Nxd4 Bxd4 11. Qf3 Bd7 12. Be3 Bxe3 13. Qxe3 Nh5 14. Ne2
Qg5 15. Qxg5 hxg5 16. O-O-O Nf4 17. Nxf4 gxf4 18. Rdf1 Ke7 19. Rf3 Raf8 20.
g3 g5 21. g4 Rh4 22. Kd2 Rfh8 23. Ke2 Rxg4 24. hxg4 Rxh1 25. Rf2 Rg1 26. Rh2
Rxg4 27. Rh7 Be8 28. Kf3 Rg3+ 29. Kf2 c5 30. Rh6 Rg4 31. f6+ Kd7 32. Rh7 b5
33. Bd5 Rh4 34. Rxh4 gxh4 35. Kf3 h3 36. Ba2 Kd8 37. c3 Bd7 38. Bxf7 Bg4+
39. Kf2 Be2 40. Be6 h2 41. Kg2 f3+ 42. Kxh2 f2 43. Bh3 f1=Q 44. Bxf1 Bxf1
45. Kg3 Bxd3 46. Kh4 Bxe4 47. Kg5 Ke8 {White resigns} 0-1

[Event "ICC tourney 2715 (40 10)"]
[Site "Internet Chess Club"]
[Date "2021.10.23"]
[Round "3"]
[White "BARANI, HRUSHIKESAN:Hrushichess"]
[Black "LIN, GABRIEL:danaglin"]
[Result "1-0"]
[ICCResult "Black resigns"]
[WhiteElo "1449"]
[BlackElo "1641"]
[Opening "French: Tarrasch, closed variation"]
[ECO "C05"]
[NIC "FR.16"]
[Time "15:30:36"]
[PlyCount "71"]
[TimeControl "2400+10"]

1. e4 e6 2. d4 d5 3. Nd2 Nf6 4. e5 Nfd7 5. Ngf3 c5 6. c3 Nc6 7. Bb5 Qb6 8.
Bxc6 Qxc6 9. O-O Be7 10. Nb3 O-O 11. Bg5 Bxg5 12. Nxg5 h6 13. Nf3 c4 14.
Nbd2 b5 15. Qc2 a5 16. Rfe1 b4 17. Nh4 Rb8 18. Re3 Ba6 19. Rg3 Rb7 20. Qd1
bxc3 21. Qg4 g5 22. bxc3 Kg7 23. Ndf3 Qb6 24. Rf1 Qd8 25. Qh5 Rg8 26. h3 Rb2
27. Re1 Rxa2 28. Re3 Ra1+ 29. Kh2 Bb5 30. Nxg5 hxg5 31. Rxg5+ Kf8 32. Rxg8+
Kxg8 33. Qh6 f5 34. Rg3+ Kf7 35. Rg7+ Ke8 36. Qxe6+ {Black resigns} 1-0

[Event "ICC tourney 2715 (40 10)"]
[Site "Internet Chess Club"]
[Date "2021.10.23"]
[Round "3"]
[White "SHAN, ERIC:EricShan"]
[Black "Stricker, Paul A:PStricker"]
[Result "1-0"]
[ICCResult "Black resigns"]
[WhiteElo "1582"]
[BlackElo "1442"]
[Opening "French: classical"]
[ECO "C13"]
[NIC "FR.06"]
[Time "15:30:22"]
[PlyCount "67"]
[TimeControl "2400+10"]

1. e4 e6 2. d4 d5 3. Nc3 Nf6 4. Bg5 Be7 5. exd5 exd5 6. Nf3 O-O 7. h3 Bf5 8.
Bd3 Bg6 9. Qd2 Re8 10. O-O-O c6 11. g4 Nbd7 12. Rdg1 h6 13. Bxg6 hxg5 14.
Bd3 Qc7 15. Nxg5 Bd6 16. Ne2 Rxe2 17. Qxe2 Bf4+ 18. Kb1 Bxg5 19. h4 Re8 20.
Qf3 Bf4 21. g5 Ne4 22. Bxe4 Rxe4 23. h5 Rxd4 24. h6 g6 25. h7+ Kh8 26. Re1
Ne5 27. Qc3 c5 28. Qf3 Qc6 29. Rxe5 Bxe5 30. Qxf7 Qc8 31. Qxg6 Rb4 32. Re1
Qb8 33. Rxe5 Rxb2+ 34. Ka1 {Black resigns} 1-0

[Event "ICC tourney 2715 (40 10)"]
[Site "Internet Chess Club"]
[Date "2021.10.23"]
[Round "3"]
[White "XU, JOEY:JoeyXu"]
[Black "MOSS, MARVIN:mmoss2932"]
[Result "0-1"]
[ICCResult "White checkmated"]
[WhiteElo "1391"]
[BlackElo "1459"]
[Opening "Sicilian: closed"]
[ECO "B23"]
[NIC "SI.44"]
[Time "15:30:52"]
[PlyCount "114"]
[TimeControl "2400+10"]

1. e4 c5 2. Nc3 e6 3. d4 cxd4 4. Qxd4 Nc6 5. Qd2 d6 6. b3 Nf6 7. Bb2 Be7 8.
f3 O-O 9. h4 a6 10. O-O-O b5 11. Kb1 Bb7 12. g4 Qb6 13. Bd3 Rfd8 14. Qg2 Ne5
15. Nge2 Nxd3 16. Rxd3 d5 17. exd5 Nxd5 18. Nxd5 Rxd5 19. Nf4 Rxd3 20. Nxd3
Qe3 21. Ne1 Rd8 22. Nd3 Bxf3 23. Rh3 Bxg2 24. Rxe3 Bxh4 25. g5 Bf1 26. Rf3
Bxd3 27. cxd3 Bxg5 28. Rg3 Bh6 29. Kc2 Rc8+ 30. Kd1 g6 31. d4 Bg7 32. Kd2
Rd8 33. Kd3 e5 34. Rg4 f5 35. Rh4 exd4 36. Rf4 Kf7 37. Rf1 Re8 38. Rd1 Re3+
39. Kc2 d3+ 40. Kc1 Bxb2+ 41. Kxb2 Ke6 42. Kc3 Ke5 43. Rxd3 Rxd3+ 44. Kxd3
f4 45. Ke2 Ke4 46. Kf2 g5 47. b4 g4 48. a3 Kd4 49. a4 bxa4 50. b5 axb5 51.
Kg2 a3 52. Kf2 a2 53. Ke2 a1=Q 54. Kd2 Qc3+ 55. Kd1 Qb2 56. Ke1 Ke3 57. Kd1
Qd2# {White checkmated} 0-1

[Event "ICC tourney 2715 (40 10)"]
[Site "Internet Chess Club"]
[Date "2021.10.23"]
[Round "3"]
[White "Liao, Connor:che2468"]
[Black "SARAFUDINOV, ANDREY:whyyoutrysohard"]
[Result "0-1"]
[ICCResult "White checkmated"]
[WhiteElo "1343"]
[BlackElo "1611"]
[Opening "King's Indian: East Indian defense"]
[ECO "A48"]
[NIC "QP.06"]
[Time "15:30:26"]
[PlyCount "118"]
[TimeControl "2400+10"]

1. d4 Nf6 2. Nf3 g6 3. e3 Bg7 4. b3 O-O 5. Bb2 d5 6. Bd3 Re8 7. O-O Nbd7 8.
Nbd2 e5 9. dxe5 Ng4 10. c4 Ngxe5 11. Nxe5 Nxe5 12. Be2 dxc4 13. Bxc4 Be6 14.
Bxe6 Rxe6 15. Qc2 Rc6 16. Qd1 Rd6 17. Bd4 c5 18. Bc3 Nf3+ 19. Qxf3 Bxc3 20.
Ne4 Bxa1 21. Nxd6 Qxd6 22. Rxa1 Rd8 23. h3 b6 24. Kf1 Rd7 25. g3 b5 26. Qe2
a6 27. h4 Qc6 28. Kg1 c4 29. Rc1 c3 30. Rc2 b4 31. Kh2 Qb5 32. Qe1 Qd3 33.
Rc1 Qd2 34. Qxd2 Rxd2 35. Ra1 Rxf2+ 36. Kg1 Rb2 37. Kf1 c2 38. Rc1 Rb1 39.
Ke2 Rxc1 40. Kd2 Ra1 41. Kxc2 Rxa2+ 42. Kd3 Rg2 43. Kc4 Rxg3 44. Kxb4 Rxe3
45. Ka4 h5 46. b4 Re4 47. Ka5 Rxh4 48. b5 axb5 49. Kxb5 Rf4 50. Kc5 Rf5+ 51.
Kd4 h4 52. Ke3 h3 53. Kd4 h2 54. Kc3 h1=Q 55. Kb3 Qg2 56. Kc3 Qg4 57. Kd3
Rf3+ 58. Ke2 Qg2+ 59. Ke1 Rf1# {White checkmated} 0-1

[Event "ICC tourney 2715 (40 10)"]
[Site "Internet Chess Club"]
[Date "2021.10.23"]
[Round "3"]
[White "KURBANOV, ABROR:Abror"]
[Black "PU, LANDON:landonp"]
[Result "1-0"]
[ICCResult "Black checkmated"]
[WhiteElo "1805"]
[BlackElo "1557"]
[Opening "Scotch gambit: Dubois-Réti defense"]
[ECO "C55"]
[NIC "KP.02"]
[Time "15:30:17"]
[PlyCount "59"]
[TimeControl "2400+10"]

1. e4 e5 2. d4 exd4 3. Nf3 Nc6 4. Bc4 Nf6 5. e5 d5 6. Bb5 Ne4 7. Nxd4 Bd7 8.
Bxc6 bxc6 9. O-O Be7 10. f3 Nc5 11. Be3 O-O 12. Nd2 Ne6 13. Nxe6 Bxe6 14.
Nb3 f6 15. exf6 Bxf6 16. Bd4 Bf5 17. c3 Re8 18. Re1 Qd6 19. Bxf6 Qxf6 20.
Qd4 Qg6 21. Kh1 Re6 22. Nc5 Rxe1+ 23. Rxe1 Re8 24. Re5 Rb8 25. b4 Bb1 26. h4
Qh6 27. Qg4 Qc1+ 28. Kh2 Qxc3 29. Qe6+ Kf8 30. Nd7# {Black checkmated} 1-0

[Event "ICC tourney 2715 (40 10)"]
[Site "Internet Chess Club"]
[Date "2021.10.23"]
[Round "3"]
[White "Fong, Kevin:kleong12"]
[Black "Mason, Mike W:MikeWMason"]
[Result "1-0"]
[ICCResult "Black resigns"]
[WhiteElo "1759"]
[BlackElo "1614"]
[Opening "Four knights: Scotch, 4...exd4"]
[ECO "C47"]
[NIC "KP.06"]
[Time "15:31:07"]
[PlyCount "35"]
[TimeControl "2400+10"]

1. e4 e5 2. Nf3 Nc6 3. Nc3 Nf6 4. d4 exd4 5. Nxd4 Be7 6. Be2 O-O 7. O-O d5
8. Nxc6 bxc6 9. e5 Nd7 10. f4 Nc5 11. Be3 f6 12. Qd2 fxe5 13. fxe5 Be6 14.
Rxf8+ Qxf8 15. Rf1 Qb8 16. b3 Qb4 17. Nxd5 Qh4 18. g3 {Black resigns} 1-0

[Event "ICC tourney 2715 (40 10)"]
[Site "Internet Chess Club"]
[Date "2021.10.23"]
[Round "3"]
[White "JAMMALAMADAKA, VIHAAN:smashattack"]
[Black "WILLY, STEPHEN:stephenwilly"]
[Result "1/2-1/2"]
[ICCResult "Game drawn by mutual agreement"]
[WhiteElo "1550"]
[BlackElo "1685"]
[Opening "QGD: exchange, positional line, 6.Qc2"]
[ECO "D36"]
[NIC "QO.16"]
[Time "15:30:18"]
[PlyCount "93"]
[TimeControl "2400+10"]

1. d4 d5 2. c4 e6 3. Nc3 Nf6 4. cxd5 exd5 5. Bg5 c6 6. Qc2 Be7 7. e3 Bg4 8.
Bd3 Nbd7 9. Nge2 Rc8 10. O-O O-O 11. f3 Bh5 12. Rad1 Bg6 13. Rfe1 Re8 14.
Nf4 Bxd3 15. Nxd3 Qc7 16. Bf4 Bd6 17. Ne2 Nh5 18. Bxd6 Qxd6 19. g4 Qg6 20.
Kf2 Qd6 21. Ng3 Nxg3 22. hxg3 Qg6 23. Qd2 Nb6 24. b3 f5 25. Ne5 Qf6 26. gxf5
Qxf5 27. Qd3 Qxd3 28. Nxd3 Nd7 29. Nf4 Re7 30. Rd2 Rf8 31. Kg2 Rfe8 32. Rde2
Nf6 33. Nd3 Nd7 34. e4 dxe4 35. fxe4 Nf6 36. e5 Nd5 37. Nf4 Nxf4+ 38. gxf4
g6 39. Kf3 Kf7 40. Ke4 Ke6 41. Rh1 Rf7 42. Rh4 Ree7 43. Rf2 Rf5 44. Rd2 Rd7
45. Rdh2 Rff7 46. Rg2 Rf5 47. Rg3 {Game drawn by mutual agreement} 1/2-1/2

[Event "ICC tourney 2715 (40 10)"]
[Site "Internet Chess Club"]
[Date "2021.10.23"]
[Round "3"]
[White "STONE, ZEKARI TERELL:Checkmatestone"]
[Black "ZHUGE, KATHERINE:FlowingMelody"]
[Result "0-1"]
[ICCResult "White resigns"]
[WhiteElo "1801"]
[BlackElo "1452"]
[Opening "Sicilian: Sozin, Leonhardt variation"]
[ECO "B88"]
[NIC "SI.26"]
[Time "15:30:25"]
[PlyCount "138"]
[TimeControl "2400+10"]

1. e4 c5 2. Nf3 e6 3. Nc3 Nc6 4. Bc4 d6 5. d4 cxd4 6. Nxd4 Nf6 7. O-O Be7 8.
Be3 O-O 9. f4 a6 10. Be2 Qc7 11. Bf3 Bd7 12. Qd2 Nxd4 13. Bxd4 Bc6 14. Rad1
Rfd8 15. Qf2 Qc8 16. Bb6 Rd7 17. e5 Ne8 18. Be3 g6 19. h4 Ng7 20. g4 Qd8 21.
Bb6 Qc8 22. h5 Bxf3 23. Qxf3 Qc6 24. Qxc6 bxc6 25. Ne4 d5 26. c4 Rb7 27.
Nf6+ Bxf6 28. exf6 Rxb6 29. fxg7 Kxg7 30. cxd5 cxd5 31. Rd2 Rab8 32. b3 Rc8
33. Rh2 Rbc6 34. hxg6 hxg6 35. g5 Rc1 36. Rf2 Rxf1+ 37. Kxf1 Rc1+ 38. Ke2
Rc2+ 39. Ke1 Rxf2 40. Kxf2 Kf8 41. Ke3 Ke7 42. Kd4 Kd6 43. b4 Kc6 44. a4 Kb6
45. Ke5 a5 46. b5 Kc5 47. Kf6 d4 48. Kxf7 d3 49. Kxg6 d2 50. Kf7 d1=Q 51. g6
Qd4 52. g7 Qxf4+ 53. Kxe6 Qg5 54. Kf7 Qf5+ 55. Ke8 Qg6+ 56. Kf8 Qf6+ 57. Kg8
Kb6 58. Kh7 Qf7 59. Kh8 Qh5+ 60. Kg8 Kc7 61. Kf8 Qf5+ 62. Ke7 Qg6 63. Kf8
Qf6+ 64. Kg8 Kd7 65. Kh7 Qh4+ 66. Kg6 Qg4+ 67. Kf6 Ke8 68. b6 Qd4+ 69. Kf5
Qxg7 {White resigns} 0-1

[Event "ICC tourney 2715 (40 10)"]
[Site "Internet Chess Club"]
[Date "2021.10.23"]
[Round "3"]
[White "ACKERMAN, RYAN:RyanTime"]
[Black "OPASKA, MICHAEL:mopaska1106"]
[Result "0-1"]
[ICCResult "White resigns"]
[WhiteElo "1744"]
[BlackElo "1845"]
[Opening "QGD: Tarrasch, Prague variation, 9.Bg5"]
[ECO "D34"]
[NIC "TD.03"]
[Time "15:31:07"]
[PlyCount "55"]
[TimeControl "2400+10"]

1. d4 d5 2. c4 e6 3. Nc3 c5 4. cxd5 exd5 5. Nf3 Nc6 6. g3 Nf6 7. Bg2 Be7 8.
O-O O-O 9. Bg5 cxd4 10. Nb5 h6 11. Bc1 Bg4 12. Nbxd4 Re8 13. Be3 Bf8 14. Rc1
Qd7 15. Nxc6 bxc6 16. Bd4 Bd6 17. Bxf6 gxf6 18. Qa4 Rxe2 19. Qxc6 Qxc6 20.
Rxc6 Rd8 21. Rfc1 Rxb2 22. Ra6 Rb7 23. Nd4 Be5 24. Nc6 Rc8 25. Bxd5 Kg7 26.
f4 Bd4+ 27. Kf1 Rb2 28. Rc4 {White resigns} 0-1

[Event "ICC tourney 2715 (40 10)"]
[Site "Internet Chess Club"]
[Date "2021.10.23"]
[Round "3"]
[White "VALE CRUZ, ARMIN:trucker"]
[Black "WHALEN, JAMES:baystatejim1776"]
[Result "1-0"]
[ICCResult "Black resigns"]
[WhiteElo "1687"]
[BlackElo "1839"]
[Opening "Réti: King's Indian attack (Barcza system)"]
[ECO "A07"]
[NIC "QP.09"]
[Time "15:31:07"]
[PlyCount "55"]
[TimeControl "2400+10"]

1. Nf3 d5 2. g3 Nf6 3. Bg2 e6 4. d3 Be7 5. Nbd2 O-O 6. O-O Nbd7 7. b3 c6 8.
Bb2 Qc7 9. c4 e5 10. Qc2 d4 11. a3 Re8 12. b4 Nf8 13. c5 Be6 14. Nc4 Ng6 15.
e3 Bxc4 16. Qxc4 dxe3 17. fxe3 Nd5 18. Rae1 Rf8 19. e4 Nf6 20. d4 Nd7 21. d5
cxd5 22. exd5 Rac8 23. Qb3 Bf6 24. Nd2 a5 25. Ne4 axb4 26. axb4 b6 27. c6
Nb8 28. d6 {Black resigns} 1-0

[Event "ICC tourney 2715 (40 10)"]
[Site "Internet Chess Club"]
[Date "2021.10.23"]
[Round "3"]
[White "MOGILEVSKI, PETE:pmogilevski"]
[Black "VIDENA, DANIEL TUAPEN:Davide25"]
[Result "0-1"]
[ICCResult "White forfeits on time"]
[WhiteElo "1531"]
[BlackElo "1651"]
[Opening "Caro-Kann: exchange variation"]
[ECO "B13"]
[NIC "CK.02"]
[Time "15:30:13"]
[PlyCount "118"]
[TimeControl "2400+10"]

1. e4 c6 2. d4 d5 3. exd5 cxd5 4. Nf3 Nc6 5. c3 Bg4 6. Be2 Nf6 7. h3 Bh5 8.
Nbd2 Qc7 9. Nh2 Bxe2 10. Qxe2 e6 11. Nhf3 Bd6 12. b3 O-O 13. Bb2 Rfc8 14.
O-O Na5 15. Ne5 Rab8 16. Rfe1 b5 17. b4 Nc4 18. Ndxc4 dxc4 19. Ng4 Nd5 20.
Qc2 Nf4 21. f3 Nd3 22. Re2 a5 23. a3 Bg3 24. Ne3 Qb7 25. Nf1 Bf4 26. g3 Bd6
27. f4 Ra8 28. Nd2 Ra6 29. Ne4 Be7 30. Nf2 Qf3 31. Kh2 Rca8 32. Rd1 Nxb2 33.
Qxb2 axb4 34. axb4 Qb7 35. Qd2 Qd5 36. Qe1 f6 37. Qh1 Kf7 38. Qxd5 exd5 39.
Rde1 R8a7 40. Rc1 Ra2 41. Rec2 Bd6 42. Ng4 h5 43. Ne3 h4 44. Nxd5 hxg3+ 45.
Kxg3 g6 46. Kf3 R2a3 47. Nb6 Bxb4 48. Kg4 Ba5 49. Nd5 Rd7 50. Ne3 Re7 51.
Ng2 Rb3 52. Kf3 b4 53. Ne3 bxc3 54. Ra1 Bb4 55. Nd5 Rb7 56. Nxb4 R7xb4 57.
Rac1 Ke6 58. Ke4 f5+ 59. Ke3 Kd5 {White forfeits on time} 0-1

[Event "ICC tourney 2715 (40 10)"]
[Site "Internet Chess Club"]
[Date "2021.10.23"]
[Round "3"]
[White "MAZUMDAR, SHAURYA:raremystery"]
[Black "DIAO, MATTHEW GUO:MatthewDiao"]
[Result "1-0"]
[ICCResult "Black checkmated"]
[WhiteElo "1681"]
[BlackElo "1510"]
[Opening "French: Tarrasch, closed variation"]
[ECO "C05"]
[NIC "FR.17"]
[Time "15:30:18"]
[PlyCount "173"]
[TimeControl "2400+10"]

1. e4 e6 2. d4 d5 3. Nd2 Nf6 4. e5 Nfd7 5. Bd3 c5 6. c3 Nc6 7. Ne2 b6 8. Nf3
Bb7 9. O-O Be7 10. Re1 O-O 11. Bb1 Re8 12. Qd3 Nf8 13. Nf4 a5 14. Nh5 Ba6
15. Qd2 f5 16. exf6 Bxf6 17. h4 Qe7 18. Nf4 Qd6 19. Nh5 Qe7 20. Qf4 Qf7 21.
Qg4 e5 22. Nxf6+ Qxf6 23. Bg5 Qd6 24. dxe5 Nxe5 25. Nxe5 Rxe5 26. Bc2 Rae8
27. Rxe5 Qxe5 28. Qf3 Bb5 29. Bf4 Be2 30. Bxe5 Bxf3 31. Bc7 Re2 32. gxf3
Rxc2 33. Bxb6 Rxb2 34. Bxc5 Ne6 35. Bd6 Rc2 36. Be5 Re2 37. Bd6 Rc2 38. Rd1
Rxa2 39. Rxd5 Rc2 40. Rxa5 Rxc3 41. Kg2 g5 42. hxg5 Kf7 43. Rf5+ Ke8 44. Bg3
Nd4 45. Re5+ Kf7 46. Re3 Rc5 47. Be5 Nf5 48. Re1 Kg6 49. f4 Rb5 50. Ra1 Rb6
51. Ra8 Ne7 52. Re8 Kf7 53. Ra8 Kg6 54. Re8 Kf7 55. Rh8 Kg6 56. Re8 Kf7 57.
Ra8 Kg6 58. Ra7 Nf5 59. Rd7 Re6 60. Ra7 Rc6 61. Ra8 Ne7 62. Rf8 Nd5 63. Rg8+
Kf5 64. Rf8+ Kg6 65. Rd8 Rc5 66. Rd6+ Kf5 67. Kg3 Ke4 68. f3+ Ke3 69. Rh6
Rc1 70. Rxh7 Rg1+ 71. Kh2 Rf1 72. Kg2 Rf2+ 73. Kg3 Rxf3+ 74. Kg4 Nxf4 75.
Rf7 Rf1 76. Bxf4+ Ke4 77. Re7+ Kd5 78. g6 Rg1+ 79. Kf5 Kc6 80. g7 Kd5 81.
Kf6 Kd4 82. Be3+ Kd3 83. Bxg1 Kc2 84. g8=Q Kd2 85. Rd7+ Ke2 86. Qg2+ Ke1 87.
Qf2# {Black checkmated} 1-0

[Event "ICC tourney 2715 (40 10)"]
[Site "Internet Chess Club"]
[Date "2021.10.23"]
[Round "4"]
[White "TREUSDELL, ROSS G:IveDoneEnough"]
[Black "WU, EVERETT:EW2006"]
[Result "1-0"]
[ICCResult "Black resigns"]
[WhiteElo "1797"]
[BlackElo "1606"]
[Opening "KGA: Fischer defense"]
[ECO "C34"]
[NIC "KG.02"]
[Time "17:45:46"]
[PlyCount "75"]
[TimeControl "2400+10"]

1. e4 e5 2. f4 exf4 3. Nf3 d6 4. d4 g5 5. h4 g4 6. Ng1 Nf6 7. Bd3 Nh5 8. Ne2
Bh6 9. Nbc3 c6 10. g3 Qf6 11. Bxf4 Nxf4 12. Nxf4 Bxf4 13. gxf4 Qxf4 14. Qd2
Qxd2+ 15. Kxd2 h5 16. Raf1 Nd7 17. Ne2 Ke7 18. Ng3 Nb6 19. c4 Bd7 20. c5
dxc5 21. dxc5 Na4 22. b4 Be6 23. Nf5+ Bxf5 24. Rxf5 Rad8 25. Kc2 Rh6 26.
Rhf1 f6 27. Bc4 b5 28. Bb3 Rd4 29. e5 g3 30. exf6+ Kf8 31. Rg5 Rg4 32. Rd1
Ke8 33. f7+ Ke7 34. Re1+ Re6 35. Rxe6+ Kxf7 36. Re4+ Kf6 37. Rexg4 hxg4 38.
Rxg4 {Black resigns} 1-0

[Event "ICC tourney 2715 (40 10)"]
[Site "Internet Chess Club"]
[Date "2021.10.23"]
[Round "4"]
[White "Feng, Jay:TheDeadlyPawn"]
[Black "SHAN, ERIC:EricShan"]
[Result "1-0"]
[ICCResult "Black checkmated"]
[WhiteElo "1358"]
[BlackElo "1582"]
[Opening "Queen's pawn, Mason variation"]
[ECO "D00"]
[NIC "QP.08"]
[Time "17:45:50"]
[PlyCount "55"]
[TimeControl "2400+10"]

1. d4 d5 2. Bf4 Nf6 3. e3 Bf5 4. c4 e6 5. Nc3 Be7 6. Qb3 b6 7. Nb5 Bd6 8.
Nxd6+ cxd6 9. cxd5 exd5 10. Bb5+ Nbd7 11. Bxd6 Rc8 12. Nf3 Bg4 13. Ne5 Be6
14. Nc6 Rxc6 15. Bxc6 Ne4 16. Ba3 Qf6 17. Qc2 h5 18. O-O h4 19. f3 Ng3 20.
Rfc1 Bf5 21. Bxd7+ Bxd7 22. hxg3 hxg3 23. Kf1 Bb5+ 24. Ke1 Bd7 25. Qc7 Qh4
26. Qe5+ Kd8 27. Qb8+ Bc8 28. Qxc8# {Black checkmated} 1-0

[Event "ICC tourney 2715 (40 10)"]
[Site "Internet Chess Club"]
[Date "2021.10.23"]
[Round "4"]
[White "SCHWARCZ, MARK LEO:mikelawn"]
[Black "LIN, GABRIEL:danaglin"]
[Result "1-0"]
[ICCResult "Black resigns"]
[WhiteElo "1531"]
[BlackElo "1641"]
[Opening "French: Winawer, classical variation"]
[ECO "C18"]
[NIC "FR.11"]
[Time "17:46:41"]
[PlyCount "33"]
[TimeControl "2400+10"]

1. e4 e6 2. d4 d5 3. Nc3 Bb4 4. e5 c5 5. a3 Bxc3+ 6. bxc3 Qc7 7. Nf3 cxd4 8.
cxd4 b6 9. Bd3 Ne7 10. O-O O-O 11. Bxh7+ Kh8 12. Bd3 Nbc6 13. Ng5 g6 14. Qf3
Kg7 15. Qf6+ Kg8 16. Nf3 Kh7 17. Qh4+ {Black resigns} 1-0

[Event "ICC tourney 2715 (40 10)"]
[Site "Internet Chess Club"]
[Date "2021.10.23"]
[Round "4"]
[White "WU, WINSTON:K01-30022609"]
[Black "MOGILEVSKI, PETE:pmogilevski"]
[Result "1/2-1/2"]
[ICCResult "Game drawn by mutual agreement"]
[WhiteElo "1351"]
[BlackElo "1531"]
[Opening "Four knights: Scotch, 4...exd4"]
[ECO "C47"]
[NIC "KP.06"]
[Time "17:45:48"]
[PlyCount "75"]
[TimeControl "2400+10"]

1. e4 e5 2. Nf3 Nc6 3. Nc3 Nf6 4. d4 exd4 5. Nxd4 Nxd4 6. Qxd4 d6 7. Bc4 Be7
8. O-O O-O 9. h3 c6 10. Qd3 Nd7 11. f4 Nc5 12. Qf3 Qb6 13. Kh1 Qb4 14. Bb3
Nxb3 15. axb3 Qb6 16. Be3 Qc7 17. Bxa7 Bd7 18. Be3 Bf6 19. Qf2 Rxa1 20. Rxa1
c5 21. Nd5 Qd8 22. Nxf6+ Qxf6 23. c3 Bc6 24. e5 dxe5 25. fxe5 Qxe5 26. Bxc5
Re8 27. Bd4 Qg5 28. Rf1 Qh5 29. Qg3 Qg6 30. Qxg6 hxg6 31. Rf2 f6 32. Kh2 Kf7
33. Kg3 Re4 34. b4 b5 35. Rf4 Rxf4 36. Kxf4 Bxg2 37. h4 Bd5 38. Bc5
{Game drawn by mutual agreement}
1/2-1/2

[Event "ICC tourney 2715 (40 10)"]
[Site "Internet Chess Club"]
[Date "2021.10.23"]
[Round "4"]
[White "WILLY, STEPHEN:stephenwilly"]
[Black "VALE CRUZ, ARMIN:trucker"]
[Result "0-1"]
[ICCResult "White checkmated"]
[WhiteElo "1685"]
[BlackElo "1687"]
[Opening "Pirc: classical (two knights) system"]
[ECO "B08"]
[NIC "PU.10"]
[Time "17:45:55"]
[PlyCount "112"]
[TimeControl "2400+10"]

1. e4 d6 2. d4 Nf6 3. Nc3 g6 4. Nf3 Bg7 5. Bd3 O-O 6. Qe2 Bg4 7. h3 Bxf3 8.
Qxf3 Nc6 9. Be3 e5 10. dxe5 Nxe5 11. Qe2 c6 12. O-O Re8 13. f4 Nxd3 14. Qxd3
Nxe4 15. Nxe4 Qe7 16. Nxd6 Qxe3+ 17. Qxe3 Rxe3 18. c3 Bf8 19. Nxb7 Rb8 20.
Na5 Rb5 21. Nb3 a5 22. Rf2 Rd5 23. c4 Rdd3 24. Nxa5 Bc5 25. Nb3 Rxb3 26.
axb3 Re2 27. Rf1 Rxb2 28. g4 Rxb3 29. Kg2 Bxf2 30. Rxf2 Rc3 31. f5 Rxc4 32.
f6 h6 33. Rd2 g5 34. Kg3 Kh7 35. Rd3 Rf4 36. Rd6 c5 37. Rc6 c4 38. h4 h5 39.
hxg5 Rxg4+ 40. Kh3 Kg6 41. Rc5 Rxg5 42. Rxc4 Kxf6 43. Kh4 Re5 44. Rc6+ Kg7
45. Rc7 Kg6 46. Rc6+ f6 47. Kh3 Kg5 48. Rc1 Re3+ 49. Kh2 f5 50. Kh1 f4 51.
Kg2 h4 52. Rc5+ Kg4 53. Kh1 f3 54. Kh2 Re2+ 55. Kh1 Kg3 56. Rc3 Re1#
{White checkmated}
0-1